TOP OF THE 1ST |
Cincinnati Bearcats batting - Pitching for Florida Gators : RHP Keith Cull
|
Pitching: RHP Keith Cull
|
|
Batting: RHB Phil Poole
|
0-0: Ball 1-0: Swinging Strike 1-1: Fly out, F8 (Flyball, 8LS)
|
Batting: RHB Ed Fuhrman
|
0-0: Ball 1-0: Fly out, F9 (Flyball, 9LD)
|
Batting: RHB Henry Haines
|
0-0: Called Strike 0-1: Ball 1-1: Foul Ball, location: 2F 1-2: Ball 2-2: Fly out, F9 (Flyball, 9S)
|
Top of the 1st over - 0 run(s), 0 hit(s), 0 error(s), 0 left on base; Cincinnati 0 - Florida 0 |
BOTTOM OF THE 1ST |
Florida Gators batting - Pitching for Cincinnati Bearcats : RHP Stan Roberts
|
Pitching: RHP Stan Roberts
|
|
Batting: SHB Ethan Finley
|
0-0: SINGLE (Groundball, 34) (infield hit)
|
Batting: LHB Bob MacDonald
|
0-0: Ball 1-0: Foul Ball, location: 2F 1-1: Ball 2-1: Swinging Strike 2-2: Ball 3-2: Fly out, F7 (Flyball, 7LM)
|
Batting: RHB Luis Morales
|
0-0: SINGLE (Line Drive, 56D) Ethan Finley to second
|
Batting: RHB Jon Newsome
|
0-0: Ball 1-0: Ball 2-0: DOUBLE (Line Drive, 78M) Ethan Finley scores Luis Morales to third
|
Batting: LHB Xavier Rivera
|
0-0: Foul Ball, location: 2F 0-1: Ball 1-1: Called Strike 1-2: Ball 2-2: Strikes out swinging
|
Batting: RHB Manny Gutiérrez
|
0-0: Foul Ball, location: 2F 0-1: Called Strike 0-2: Fly out, F7 (Flyball, 7)
|
Bottom of the 1st over - 1 run(s), 3 hit(s), 0 error(s), 2 left on base; Cincinnati 0 - Florida 1 |
TOP OF THE 2ND |
Cincinnati Bearcats batting - Pitching for Florida Gators : RHP Keith Cull
|
Batting: SHB Miguel Price
|
0-0: Ball 1-0: Foul Ball, location: 2F 1-1: SINGLE (Flyball, 6MD)
|
Batting: RHB Dave Richards
|
0-0: Ball 1-0: Ball 2-0: Ball 3-0: Base on Balls Miguel Price to second
|
Batting: RHB Dave Sawyer
|
0-0: Ball 1-0: Called Strike 1-1: Ball 2-1: Fly out, F7 (Flyball, 7)
|
Batting: RHB Peter Jones
|
0-0: Ball 1-0: Called Strike 1-1: Ball 2-1: Ball 3-1: Called Strike 3-2: Fielders Choice at 2nd, 4-6 (Groundball, 4M) Miguel Price to third
|
Batting: SHB Troy Abreu
|
0-0: Called Strike 0-1: Called Strike 0-2: Ball 1-2: Strikes out swinging
|
Top of the 2nd over - 0 run(s), 1 hit(s), 0 error(s), 2 left on base; Cincinnati 0 - Florida 1 |
BOTTOM OF THE 2ND |
Florida Gators batting - Pitching for Cincinnati Bearcats : RHP Stan Roberts
|
Batting: LHB Bruce Shelton
|
0-0: Called Strike 0-1: Ball 1-1: Ball 2-1: Foul Ball, location: 2F 2-2: SINGLE (Groundball, 34S) (infield hit)
|
Batting: RHB Marshall Normore
|
0-0: Ball Bruce Shelton is caught stealing 2nd base 1-0: Foul Ball, location: 2F 1-1: Called Strike 1-2: Strikes out swinging
|
Batting: RHB Dorian Riddle
|
0-0: Swinging Strike 0-1: Called Strike 0-2: Ball 1-2: Ground out 3-1 (Groundball, 34)
|
Bottom of the 2nd over - 0 run(s), 1 hit(s), 0 error(s), 0 left on base; Cincinnati 0 - Florida 1 |
TOP OF THE 3RD |
Cincinnati Bearcats batting - Pitching for Florida Gators : RHP Keith Cull
|
Batting: RHB Larry O'Sheill
|
0-0: Ball 1-0: Ball 2-0: Foul Ball, location: 2F 2-1: Foul Ball, location: 2F 2-2: Strikes out swinging
|
Batting: RHB Phil Poole
|
0-0: Called Strike 0-1: Foul Ball, location: 2F 0-2: Foul Ball, location: 2F 0-2: Ball 1-2: Ball 2-2: Strikes out swinging
|
Batting: RHB Ed Fuhrman
|
0-0: Foul Ball, location: 2F 0-1: SINGLE (Line Drive, 78S)
|
Batting: RHB Henry Haines
|
0-0: Swinging Strike 0-1: Foul Ball, location: 2F 0-2: Ball Wild Pitch! Ed Fuhrman to second 1-2: Strikes out swinging
|
Top of the 3rd over - 0 run(s), 1 hit(s), 0 error(s), 1 left on base; Cincinnati 0 - Florida 1 |
BOTTOM OF THE 3RD |
Florida Gators batting - Pitching for Cincinnati Bearcats : RHP Stan Roberts
|
Batting: SHB Ethan Finley
|
0-0: Ball 1-0: Ball 2-0: Ball 3-0: Base on Balls
|
Batting: LHB Bob MacDonald
|
0-0: Foul Ball, location: 2F 0-1: Ball Ethan Finley is caught stealing 2nd base 1-1: Ball 2-1: Ground out 6-3 (Groundball, 6)
|
Batting: RHB Luis Morales
|
0-0: Ball 1-0: Foul Ball, location: 2F 1-1: Ball 2-1: Ball 3-1: Base on Balls
|
Batting: RHB Jon Newsome
|
0-0: Ball 1-0: Ball 2-0: Called Strike 2-1: Called Strike 2-2: Ball 3-2: Foul Ball, location: 2F 3-2: Foul Ball, location: 2F 3-2: Foul Ball, location: 2F 3-2: SINGLE (Groundball, 6MD) Luis Morales to second Luis Morales to third
|
Batting: LHB Xavier Rivera
|
0-0: Ball 1-0: Ball 2-0: Ball 3-0: Base on Balls Jon Newsome to second
|
Batting: RHB Manny Gutiérrez
|
0-0: Foul Ball, location: 2F 0-1: Called Strike 0-2: Ball 1-2: Strikes out swinging
|
Bottom of the 3rd over - 0 run(s), 1 hit(s), 0 error(s), 3 left on base; Cincinnati 0 - Florida 1 |
TOP OF THE 4TH |
Cincinnati Bearcats batting - Pitching for Florida Gators : RHP Keith Cull
|
Batting: SHB Miguel Price
|
0-0: Fly out, F7 (Flyball, 7S)
|
Batting: RHB Dave Richards
|
0-0: Called Strike 0-1: Fly out, F8 (Line Drive, 8RD)
|
Batting: RHB Dave Sawyer
|
0-0: Ball 1-0: Ground out 6-3 (Groundball, 6)
|
Top of the 4th over - 0 run(s), 0 hit(s), 0 error(s), 0 left on base; Cincinnati 0 - Florida 1 |
BOTTOM OF THE 4TH |
Florida Gators batting - Pitching for Cincinnati Bearcats : RHP Stan Roberts
|
Batting: LHB Bruce Shelton
|
0-0: Called Strike 0-1: Ball 1-1: Swinging Strike 1-2: Ground out 3-1 (Groundball, 34)
|
Batting: RHB Marshall Normore
|
0-0: Ball 1-0: Ball 2-0: Called Strike 2-1: SINGLE (Flyball, 89M)
|
Batting: RHB Dorian Riddle
|
0-0: Called Strike 0-1: Foul Ball, location: 2F 0-2: Strikes out looking
|
Batting: SHB Ethan Finley
|
0-0: Ball 1-0: Ball 2-0: Fly out, F8 (Line Drive, 8LXD)
|
Bottom of the 4th over - 0 run(s), 1 hit(s), 0 error(s), 1 left on base; Cincinnati 0 - Florida 1 |
TOP OF THE 5TH |
Cincinnati Bearcats batting - Pitching for Florida Gators : RHP Keith Cull
|
Batting: RHB Peter Jones
|
0-0: SINGLE (Flyball, 9LM)
|
Batting: SHB Troy Abreu
|
0-0: Ball 1-0: Ball 2-0: Ball 3-0: Base on Balls Peter Jones to second
|
Batting: RHB Larry O'Sheill
|
0-0: Fly out, F4 (Popup, 34)
|
Batting: RHB Phil Poole
|
0-0: Foul Ball, location: 2F 0-1: Swinging Strike 0-2: Hit by Pitch Peter Jones to third Troy Abreu to second
|
Batting: RHB Ed Fuhrman
|
0-0: Called Strike 0-1: Fly out, F8 (Flyball, 8LM) Runner from 3rd tags up, SCORES, throw made
|
Batting: RHB Henry Haines
|
0-0: 3-RUN HOME RUN (Flyball, 7D), Distance : 367 ft
|
Batting: SHB Miguel Price
|
0-0: Foul Ball, location: 2F 0-1: Ball 1-1: Foul Ball, location: 2F 1-2: SINGLE (Line Drive, 7LS)
|
Batting: RHB Dave Richards
|
0-0: Ball 1-0: Foul Ball, location: 2F 1-1: Ball 2-1: SINGLE (Line Drive, 56) Miguel Price to second
|
Batting: RHB Dave Sawyer
|
0-0: SINGLE (Groundball, 6) (infield hit) Miguel Price to third Dave Richards to second
|
Batting: RHB Peter Jones
|
0-0: Ball 1-0: Foul Ball, location: 2F 1-1: Ball 2-1: Called Strike 2-2: Foul Ball, location: 2F 2-2: Foul Ball, location: 2F 2-2: SINGLE (Groundball, 4MD) Miguel Price scores Dave Richards to third Dave Sawyer to second Runner from 3rd tries for Home, SAFE, no throw
|
Pitching: RHP Gerald Dunham
|
|
Batting: SHB Troy Abreu
|
0-0: Ball 1-0: Fielders Choice at 2nd, 4-6 (Groundball, 4)
|
Top of the 5th over - 6 run(s), 6 hit(s), 0 error(s), 1 left on base; Cincinnati 6 - Florida 1 |
BOTTOM OF THE 5TH |
Florida Gators batting - Pitching for Cincinnati Bearcats : RHP Stan Roberts
|
Batting: LHB Bob MacDonald
|
0-0: Ground out 1-3 (Groundball, P)
|
Batting: RHB Luis Morales
|
0-0: Swinging Strike 0-1: Ball 1-1: Called Strike 1-2: Strikes out swinging
|
Batting: RHB Jon Newsome
|
0-0: Ball 1-0: Ball 2-0: Ball 3-0: Called Strike 3-1: Base on Balls
|
Pitching: RHP Chad Clark
|
|
Batting: LHB Xavier Rivera
|
0-0: Ball 1-0: Called Strike 1-1: Ball 2-1: Fly out, F4 (Popup, 3D)
|
Bottom of the 5th over - 0 run(s), 0 hit(s), 0 error(s), 1 left on base; Cincinnati 6 - Florida 1 |
TOP OF THE 6TH |
Cincinnati Bearcats batting - Pitching for Florida Gators : RHP Gerald Dunham
|
Batting: RHB Larry O'Sheill
|
0-0: Foul Ball, location: 2F 0-1: Ground out 6-3 (Groundball, 6)
|
Batting: RHB Phil Poole
|
0-0: Ball 1-0: Called Strike 1-1: Ball 2-1: Fly out, F7 (Line Drive, 7)
|
Batting: RHB Ed Fuhrman
|
0-0: Ball 1-0: Ball 2-0: Ball 3-0: Called Strike 3-1: Foul Ball, location: 2F 3-2: Strikes out looking
|
Top of the 6th over - 0 run(s), 0 hit(s), 0 error(s), 0 left on base; Cincinnati 6 - Florida 1 |
BOTTOM OF THE 6TH |
Florida Gators batting - Pitching for Cincinnati Bearcats : RHP Chad Clark
|
Batting: RHB Manny Gutiérrez
|
0-0: Ball 1-0: Ball 2-0: Ball 3-0: Base on Balls
|
Batting: LHB Bruce Shelton
|
0-0: Ball 1-0: Called Strike 1-1: SINGLE (Flyball, 7S) Manny Gutiérrez to second
|
Batting: RHB Marshall Normore
|
0-0: Ball 1-0: Ball 2-0: Ball 3-0: Called Strike 3-1: Foul Ball, location: 2F 3-2: Base on Balls Manny Gutiérrez to third Bruce Shelton to second
|
Batting: RHB Dorian Riddle
|
0-0: Ball 1-0: Ball 2-0: Foul Ball, location: 2F 2-1: Called Strike 2-2: Ball 3-2: Fly out, F8 (Flyball, 8LM) Runner from 3rd tags up, SCORES, throw made
|
Batting: SHB Ethan Finley
|
0-0: Ball 1-0: Ball 2-0: Ball 3-0: Called Strike 3-1: Base on Balls Bruce Shelton to third Marshall Normore to second
|
Batting: LHB Bob MacDonald
|
0-0: Foul Ball, location: 2F 0-1: Ball 1-1: Ball 2-1: Fly out, F8 (Flyball, 89S)
|
Batting: RHB Luis Morales
|
0-0: Ball 1-0: Called Strike 1-1: Foul Ball, location: 2F 1-2: Foul Ball, location: 2F 1-2: Ball 2-2: Ball 3-2: Foul Ball, location: 2F 3-2: Strikes out swinging
|
Bottom of the 6th over - 1 run(s), 1 hit(s), 0 error(s), 3 left on base; Cincinnati 6 - Florida 2 |
TOP OF THE 7TH |
Cincinnati Bearcats batting - Pitching for Florida Gators : RHP Gerald Dunham
|
Batting: RHB Henry Haines
|
0-0: Foul Ball, location: 2F 0-1: Ball 1-1: Ball 2-1: Ball 3-1: Swinging Strike 3-2: Strikes out looking
|
Batting: SHB Miguel Price
|
0-0: Foul Ball, location: 2F 0-1: Ball 1-1: Ball 2-1: Ball 3-1: Fly out, F6 (Line Drive, 6)
|
Batting: RHB Dave Richards
|
0-0: Swinging Strike 0-1: Swinging Strike 0-2: Ball 1-2: SINGLE (Groundball, 4MD)
|
Batting: RHB Dave Sawyer
|
0-0: Called Strike 0-1: DOUBLE (Flyball, 78XD) Dave Richards to third Runner from 3rd tries for Home, SAFE, no throw
|
Batting: RHB Peter Jones
|
0-0: Ball 1-0: Swinging Strike 1-1: Foul Ball, location: 2F 1-2: Foul Ball, location: 2F 1-2: SINGLE (Flyball, 8RS) Dave Sawyer to third Runner from 3rd tries for Home, SAFE, no throw
|
Batting: SHB Troy Abreu
|
0-0: Called Strike 0-1: Ball 1-1: Ball 2-1: Ball 3-1: Fly out, F8 (Line Drive, 8RM)
|
Top of the 7th over - 2 run(s), 3 hit(s), 0 error(s), 1 left on base; Cincinnati 8 - Florida 2 |
BOTTOM OF THE 7TH |
Florida Gators batting - Pitching for Cincinnati Bearcats : RHP Chad Clark
|
Batting: RHB Jon Newsome
|
0-0: Foul Ball, location: 2F 0-1: Ball 1-1: Ball 2-1: DOUBLE (Flyball, 78D)
|
Batting: LHB Xavier Rivera
|
0-0: Fly out, F8 (Flyball, 89S)
|
Batting: RHB Manny Gutiérrez
|
0-0: SINGLE (Popup, 4D) Jon Newsome to third
|
Batting: LHB Bruce Shelton
|
0-0: Ball 1-0: Foul Ball, location: 2F 1-1: Called Strike 1-2: SINGLE (Flyball, 3D) Jon Newsome scores Manny Gutiérrez to second
|
Batting: RHB Marshall Normore
|
0-0: Called Strike 0-1: Hit by Pitch Manny Gutiérrez to third Bruce Shelton to second
|
Pitching: RHP George Gallagher
|
|
Batting: RHB Dorian Riddle
|
0-0: Ball 1-0: Swinging Strike 1-1: Swinging Strike 1-2: Strikes out looking
|
Batting: SHB Ethan Finley
|
0-0: Called Strike 0-1: Ball 1-1: Foul Ball, location: 2F 1-2: SINGLE (Groundball, 34S) (infield hit) Manny Gutiérrez scores Bruce Shelton to third Marshall Normore to second
|
Batting: LHB Bob MacDonald
|
0-0: Swinging Strike 0-1: Ball 1-1: Ball 2-1: Swinging Strike 2-2: Strikes out swinging
|
Bottom of the 7th over - 2 run(s), 4 hit(s), 0 error(s), 3 left on base; Cincinnati 8 - Florida 4 |
TOP OF THE 8TH |
Cincinnati Bearcats batting - Pitching for Florida Gators : RHP Gerald Dunham
|
Pitching: RHP Michael Short
|
|
Batting: RHB Larry O'Sheill
|
0-0: Ball 1-0: Foul Ball, location: 2F 1-1: Foul Ball, location: 2F 1-2: Ball 2-2: Ball 3-2: SOLO HOME RUN (Flyball, 7D), Distance : 347 ft
|
Batting: RHB Phil Poole
|
0-0: Ball 1-0: Ball 2-0: Ball 3-0: Called Strike 3-1: Fly out, F2 (Popup, 3S)
|
Batting: RHB Ed Fuhrman
|
0-0: Swinging Strike 0-1: Swinging Strike 0-2: Ball 1-2: Foul Ball, location: 2F 1-2: Foul Ball, location: 2F 1-2: Ball 2-2: Foul Ball, location: 2F 2-2: Ball 3-2: Foul Ball, location: 2F 3-2: SINGLE (Line Drive, 8RS)
|
Batting: RHB Henry Haines
|
0-0: Ball 1-0: Foul Ball, location: 2F 1-1: Ball 2-1: Foul Ball, location: 2F 2-2: Foul Ball, location: 2F 2-2: Ball 3-2: Base on Balls Ed Fuhrman to second
|
Batting: SHB Miguel Price
|
0-0: Called Strike 0-1: Ball 1-1: Called Strike 1-2: Foul Ball, location: 2F 1-2: Strikes out swinging
|
Batting: RHB Dave Richards
|
0-0: Ball 1-0: Swinging Strike 1-1: Foul Ball, location: 2F 1-2: Ball 2-2: Ball 3-2: SINGLE (Flyball, 8LS) Ed Fuhrman to third Henry Haines to second Ed Fuhrman scores Henry Haines to third
|
Batting: RHB Dave Sawyer
|
0-0: Foul Ball, location: 2F 0-1: Foul Ball, location: 2F 0-2: Fly out, F5 (Popup, 6S)
|
Top of the 8th over - 2 run(s), 3 hit(s), 0 error(s), 2 left on base; Cincinnati 10 - Florida 4 |
BOTTOM OF THE 8TH |
Florida Gators batting - Pitching for Cincinnati Bearcats : RHP George Gallagher
|
Batting: RHB Luis Morales
|
0-0: Ball 1-0: Ball 2-0: Swinging Strike 2-1: Swinging Strike 2-2: Strikes out looking
|
Batting: RHB Jon Newsome
|
0-0: Called Strike 0-1: Foul Ball, location: 2F 0-2: Ball 1-2: Strikes out swinging
|
Batting: LHB Xavier Rivera
|
0-0: Ball 1-0: Ball 2-0: Ball 3-0: Called Strike 3-1: Foul Ball, location: 2F 3-2: Base on Balls
|
Batting: RHB Manny Gutiérrez
|
0-0: Called Strike 0-1: Ball 1-1: Swinging Strike 1-2: Foul Ball, location: 2F 1-2: Ball 2-2: Strikes out swinging
|
Bottom of the 8th over - 0 run(s), 0 hit(s), 0 error(s), 1 left on base; Cincinnati 10 - Florida 4 |
TOP OF THE 9TH |
Cincinnati Bearcats batting - Pitching for Florida Gators : RHP Michael Short
|
Pitching: LHP Chet Scott
|
|
Batting: RHB Peter Jones
|
0-0: Ball 1-0: Swinging Strike 1-1: Ball 2-1: Swinging Strike 2-2: Strikes out swinging
|
Batting: SHB Troy Abreu
|
0-0: Ball 1-0: Called Strike 1-1: Ball 2-1: Fly out, F8 (Flyball, 8RM)
|
Batting: RHB Larry O'Sheill
|
0-0: Ball 1-0: Swinging Strike 1-1: Ball 2-1: Swinging Strike 2-2: Ball 3-2: Base on Balls
|
Batting: RHB Phil Poole
|
0-0: Ball 1-0: Foul Ball, location: 2F 1-1: Ball 2-1: Foul Ball, location: 2F 2-2: Ball 3-2: Strikes out swinging
|
Top of the 9th over - 0 run(s), 0 hit(s), 0 error(s), 1 left on base; Cincinnati 10 - Florida 4 |
BOTTOM OF THE 9TH |
Florida Gators batting - Pitching for Cincinnati Bearcats : RHP George Gallagher
|
Batting: LHB Bruce Shelton
|
0-0: Foul Ball, location: 2F 0-1: Ball 1-1: Swinging Strike 1-2: Ground out 4-3 (Groundball, 4)
|
Batting: RHB Marshall Normore
|
0-0: Ball 1-0: Ball 2-0: Ball 3-0: Base on Balls
|
Batting: RHB Dorian Riddle
|
0-0: Ball 1-0: Foul Ball, location: 2F 1-1: 2-RUN HOME RUN (Line Drive, 7D), Distance : 349 ft
|
Batting: SHB Ethan Finley
|
0-0: Called Strike 0-1: Ground out 4-3 (Groundball, 4)
|
Batting: LHB Bob MacDonald
|
0-0: Ball 1-0: Fly out, F7 (Line Drive, 78M)
|
Bottom of the 9th over - 2 run(s), 1 hit(s), 0 error(s), 0 left on base; Cincinnati 10 - Florida 6 |
|